cohdb
Replays
Latest Replays
All Replays
Popular Replays
Top Player Replays
Match Explorer
How It Works
Community
CoH3 Stats
Reddit
Sign in to upload your games and track your stats! →
Sign in with Steam
Match 41859521
Unlisted
Match 41859521
Overview
Messages
Build Orders
End
Construct Section Command Post
Selects Canadian Shock Battlegroup
Infantry Section
Infantry Section
Dingo Light Scout Car
Vickers Machine Gun Team
Selects Attacking Spirit
Construct Platoon Command Post
Selects Canadian Shock Section
Unlock M3 Stuart Light Tanks
Dullahan
LilDick
0
0
Comments
sign in to comment!
No comments posted yet!